 Dungeon Crawl Stone Soup version 0.19-a0-1207-g69d5fc3 (webtiles) character file.

577 Akrasiac the Poker (level 7, -5/52 HPs)
             Began as a Human Wanderer on Aug 21, 2016.
             Was a Follower of Fedhas.
             Slain by Killer1's ghost (6 damage)
             ... on level 5 of the Dungeon.
             The game lasted 00:05:40 (3860 turns).

Akrasiac the Poker (Human Wanderer)                 Turns: 3860, Time: 00:05:41

Health: -5/52      AC:  5    Str: 10    XL:     7   Next: 62%
Magic:  0/2        EV:  9    Int: 14    God:    Fedhas [*.....]
Gold:   178        SH:  0    Dex: 15    Spells: 0 memorised, 6 levels left

rFire  . . .     SeeInvis .     a - +2 trident (antimagic)
rCold  . . .     Gourm    .     c - +0 ring mail
rNeg   . . .     Faith    .     (no shield)
rPois  .         Spirit   +     (no helmet)
rElec  .         Dismiss  .     (no cloak)
rCorr  .         Reflect  .     (no gloves)
MR     .....     Harm     .     (no boots)
Stlth  ++........               G - amulet of guardian spirit
                                (no ring)
                                (no ring)

@: no status effects
A: no striking features
a: Evolution, Renounce Religion


You were on level 5 of the Dungeon.
You worshipped Fedhas.
Fedhas was aware of your devotion.
You were not hungry.

You visited 1 branch of the dungeon, and saw 5 of its levels.

You collected 178 gold pieces.

Inventory:

Hand Weapons
 a - a +2 antimagic trident (weapon)
 d - a +0 dagger
 j - a +0 halberd
 u - a cursed -2 hand axe
 y - a +2 spear
Missiles
 w - 2 tomahawks (quivered)
Armour
 c - a +0 ring mail (worn)
 v - a +2 ring mail of fire resistance
Jewellery
 G - an amulet of guardian spirit (around neck)
Wands
 z - a wand of flame (3/48)
Scrolls
 b - 2 scrolls of teleportation
 h - 2 scrolls of noise {unknown}
 l - a scroll of fog {unknown}
 m - a scroll of amnesia {unknown}
 n - a scroll of recharging {unknown}
 q - a scroll of enchant armour {unknown}
 r - a scroll of magic mapping {unknown}
 s - a scroll of immolation {unknown}
 x - a scroll of random uselessness {unknown}
 A - a scroll of fear {unknown}
 B - a scroll of enchant weapon {unknown}
 D - 2 scrolls of remove curse {unknown}
 E - a scroll of blinking {unknown}
Potions
 e - a potion of brilliance
 i - a potion of heal wounds {unknown}
 o - a potion of cure mutation
 p - 2 potions of might {unknown}
 t - 3 potions of curing {unknown}
 C - a potion of cancellation
Comestibles
 f - 5 bread rations
 g - 3 fruits
 F - 2 meat rations


   Skills:
 - Level 3.0 Fighting
 * Level 7.9 Polearms
 - Level 1.0 Throwing
 - Level 1.0 Armour
 - Level 3.0 Stealth


You had 6 spell levels left.
You didn't know any spells.

Dungeon Overview and Level Annotations

Branches:
Dungeon (5/15)
 Temple: D:4-7

Altars:
Dithmenos
Fedhas
Nemelex Xobeh
Uskayaw
Vehumet
Xom

Annotations:
D:4 Dowan, Duvessa
D:5 Killer1's ghost, novice MiFi


Message History

Killer1's ghost is lightly damaged.
Evoking this partially-identified wand wasted a few charges.
You barely miss Killer1's ghost. Killer1's ghost hits you!
You hit Killer1's ghost but do no damage.
Killer1's ghost hits you!
You barely miss Killer1's ghost. Killer1's ghost hits you!
You hit Killer1's ghost but do no damage.
Killer1's ghost hits you!
* * * LOW HITPOINT WARNING * * *
You hit Killer1's ghost but do no damage.
Killer1's ghost hits you.
* * * LOW HITPOINT WARNING * * *
You hit Killer1's ghost but do no damage.
Killer1's ghost hits you.
* * * LOW HITPOINT WARNING * * *
You barely miss Killer1's ghost.
Killer1's ghost whispers, "You will understand me better in a moment."
Killer1's ghost hits you.
You die...
Fedhas appreciates your contribution to the ecosystem.

#..#####........#
#..#####........#
#.>....###'######
#......# #.#
#......###.#
#......'...#
#......#####
.#......################
.'......'......W@......#
.#......##############.#
#<..........# #.#
#......####.# #.#
#......# #.#########.#
#......# #...........#
#......# #############
#......# #......#


You could see Killer1's ghost.

Vanquished Creatures
  An ogre (D:4)
  Blork the orc (D:4)
  A water moccasin skeleton (D:4)
  A giant frog zombie (D:5)
  A hound (D:4)
  A centaur zombie (D:5)
  A giant frog skeleton (D:4)
  2 orc wizards (D:4)
  A worker ant (D:5)
  4 adders
  4 gnolls
  A howler monkey skeleton (D:4)
  An ooze (D:1)
  An adder skeleton (D:4)
  A worm (D:2)
  5 dart slugs
  2 giant geckos
  2 orcs (D:4)
  3 bats
  4 giant cockroaches
  8 goblins
  6 hobgoblins
  4 jackals (D:1)
  A ball python (D:1)
  4 giant newts
  6 kobolds
  11 rats
78 creatures vanquished.

Vanquished Creatures (others)
  26 toadstools
26 creatures vanquished.

Grand Total: 104 creatures vanquished

Notes
Turn   | Place    | Note
-------+----------+-------------------------------------------
     0 | D:1      | Akrasiac the Human Wanderer began the quest for the Orb.
     0 | D:1      | Akrasiac set off with: a +2 spear, a scroll of teleportation, a +0 ring mail, a +0 dagger, a bread ration
     0 | D:1      | Reached XP level 1. HP: 18/18 MP: 1/1
   291 | D:1      | Reached XP level 2. HP: 23/24 MP: 2/2
   300 | D:1      | Reached skill level 3 in Polearms
   327 | D:1      | Reached XP level 3. HP: 29/29 MP: 3/3
  1033 | D:1      | Reached skill level 4 in Polearms
  1033 | D:1      | Reached XP level 4. HP: 23/35 MP: 4/4
  1632 | D:2      | Found a hide-covered altar of Uskayaw.
  1637 | D:2      | Found a shimmering altar of Xom.
  1644 | D:2      | Found a radiant altar of Vehumet.
  1647 | D:2      | Found a blossoming altar of Fedhas.
  1651 | D:2      | Became a worshipper of Fedhas Madash
  1849 | D:2      | Reached XP level 5. HP: 41/41 MP: 5/5
  1993 | D:3      | Reached skill level 5 in Polearms
  2095 | D:3      | Found a shadowy altar of Dithmenos.
  2588 | D:4      | Noticed Blork the orc
  2610 | D:4      | Killed Blork the orc
  2610 | D:4      | Reached skill level 6 in Polearms
  2610 | D:4      | Reached XP level 6. HP: 16/47 MP: 1/6
  2897 | D:4      | Reached * piety under Fedhas
  3002 | D:4      | Reached XP level 7. HP: 22/52 MP: 2/7
  3094 | D:4      | Reached skill level 7 in Polearms
  3201 | D:4      | Found a sparkling altar of Nemelex Xobeh.
  3260 | D:5      | Entered Level 5 of the Dungeon
  3260 | D:5      | Noticed Duvessa
  3260 | D:5      | Noticed Dowan
  3847 | D:5      | Noticed Killer1's ghost (novice MiFi)
  3859 | D:5      | HP: 1/52 [Killer1's ghost (2)]
  3860 | D:5      | Slain by Killer1's ghost

Vault maps used:
D:1:      dpeg_arrival_stone_temple_mockup, kennysheep_decorative_pillar
D:2:      grunt_temple_overflow_cloverleaf, minmay_randomly_rotated_circles
D:3:      first_bread, serial_park_tiny_1, grunt_dithmenos_smoke
D:4:      kennysheep_mini_moat, kennysheep_generic_room_14, uniq_blork_the_orc
D:5:      supply_closet_lemuel, uniq_duvessa, uniq_pikel

Skill      XL: |  1  2  3  4  5  6  7 |
---------------+----------------------+-----
Polearms       | 3 4 6 7 |  7.9
Fighting       | |  3.0
Throwing       | |  1.0
Armour         | |  1.0
Stealth        | |  3.0

Action                   |  1- 3 |  4- 6 |  7- 9 || total
-------------------------+-------+-------+-------++-------
Melee: Spear             |    60 |   145 |       ||   205
       Trident           |       |    38 |    62 ||   100
Evoke: Wand              |       |       |     2 ||     2
  Use: Scroll            |       |       |     4 ||     4
 Stab: Sleeping          |     1 |     5 |     3 ||     9
       Distracted        |       |     2 |       ||     2
  Eat: Chunk             |       |     4 |     3 ||     7
       Fruit             |       |     1 |       ||     1
       Beef jerky        |       |     1 |       ||     1
Armor: Ring mail         |     8 |    51 |    15 ||    74
Dodge: Dodged            |    15 |    54 |    24 ||    93
